Map: Blueshift LE

Players

LeFaucheur

  • Race: Zerg Zerg
  • League: Grandmaster
  • Spawn Location: 7:00

Lambo - Winner!

  • Race: Zerg Zerg
  • League: Grandmaster
  • Spawn Location: 1:00

VOD

Have the link to the VOD?

Description

Time

  • Played on: Dec. 28, 2018, 1:14 p.m.
  • Length: 8:14
Show
View Real Time Build Order
Export as new Build Order

LeFaucheur Zerg 

Build Orders: Hatch First 

Get SALT Encoding   

  12  0:00  Drone  
  13  0:13  Overlord  
  13  0:16  Drone  
  14  0:32  Drone x2  
  16  0:47  Hatchery  
  15  0:51  Drone  
  15  0:56  Drone  
  17  1:00  Drone  
  18  1:10  Extractor  
  17  1:15  Spawning Pool  
  17  1:18  Drone  
  17  1:21  Drone  
  18  1:28  Drone  
  19  1:39  Drone  
  20  1:52  Overlord  
  20  2:01  Queen x2  
  20  2:04  Drone x2  
  26  2:11  Drone x2  
  28  2:21  Drone  
  28  2:22  Drone  
  30  2:31  Overlord  
  30  2:33  Drone  
  31  2:37  Queen  
  31  2:42  Metabolic Boost  
  33  2:45  Drone  
  33  2:49  Drone  
  35  2:56  Evolution Chamber  
  34  3:01  Roach Warren  
  34  3:02  Drone  
  34  3:13  Queen  
  34  3:14  Overlord x2  
  34  3:19  Overlord  
  36  3:24  Evolution Chamber  
  35  3:42  Roach x2  
  35  3:43  Roach x3  
  35  3:47  Roach  
  47  3:50  Roach x3  
  54  3:55  Zergling x4  
  54  3:56  Zergling x4  
  54  3:59  Zergling x2  
  58  4:09  Zergling x2  
  59  4:13  Ravager  
  59  4:14  Overlord  
  60  4:19  Zergling x2  
  60  4:20  Zergling x2  
  62  4:24  Zergling x6  
  65  4:33  Ravager  
  65  4:35  Zergling x4  
  68  4:38  Hatchery  
  66  4:56  Zergling x14  
  66  4:59  Drone  
  70  5:02  Ravager  
  71  5:15  Drone x2  
  66  5:22  Drone x2  
  68  5:29  Drone  
  68  5:31  Queen  
  68  5:32  Extractor  
  68  5:33  Extractor  
  68  5:40  Drone x2  
  68  5:41  Lair  
  52  6:03  Drone x6  
  49  6:08  Roach x2  
  49  6:09  Roach  
  53  6:19  Roach  
  53  6:20  Roach  
  53  6:22  Drone x2  
  53  6:23  Drone  
  60  6:31  Roach x3  
  66  6:38  Roach x2  
  66  6:39  Roach  
  72  6:42  Queen  
  72  6:44  Overlord x2  
  72  6:45  Overlord  
  74  6:57  Roach x2  
  74  6:59  Zergling x6  
  74  7:00  Overlord x2  
  81  7:10  Roach x4  
  81  7:13  Roach  
  91  7:18  Roach  
  93  7:26  Roach x3  
  97  7:33  Roach x3  
  96  7:45  Roach x2  
  96  7:46  Roach  
Show
View Real Time Build Order
Export as new Build Order

Lambo Zerg - Winner!

Build Orders: Hatch First 

Get SALT Encoding   

  12  0:00  Drone  
  13  0:13  Overlord  
  13  0:17  Drone  
  14  0:31  Drone x2  
  16  0:47  Hatchery  
  15  0:51  Drone  
  15  0:54  Drone  
  17  1:08  Spawning Pool  
  16  1:11  Extractor  
  16  1:13  Drone  
  16  1:16  Drone  
  17  1:20  Drone  
  18  1:29  Drone  
  19  1:41  Drone  
  20  1:51  Overlord  
  20  1:55  Queen  
  20  1:59  Queen  
  20  2:00  Drone  
  25  2:01  Zergling x2  
  26  2:10  Drone  
  26  2:12  Drone  
  26  2:14  Metabolic Boost  
  28  2:21  Drone  
  29  2:25  Drone  
  30  2:34  Hatchery  
  29  2:37  Drone  
  29  2:39  Drone  
  31  2:45  Baneling Nest  
  31  2:46  Drone  
  31  2:50  Overlord  
  31  2:53  Drone  
  31  2:56  Drone  
  33  3:03  Zergling x2  
  34  3:06  Zergling x2  
  34  3:08  Drone  
  34  3:09  Drone  
  34  3:12  Drone x2  
  39  3:14  Drone  
  39  3:19  Overlord, Evolution Chamber  
  39  3:22  Drone  
  39  3:26  Drone  
  41  3:32  Overlord  
  41  3:34  Drone  
  42  3:38  Queen  
  42  3:40  Drone x2  
  46  3:45  Drone x2  
  48  3:49  Drone x3  
  48  3:52  Baneling x3  
  51  3:55  Extractor  
  50  4:03  Roach Warren, Drone  
  50  4:05  Drone  
  50  4:12  Spine Crawler x2  
  50  4:15  Spine Crawler, Baneling  
  50  4:16  Spine Crawler, Zergling x2  
  48  4:21  Zergling x2  
  48  4:22  Spine Crawler  
  48  4:23  Zergling x2  
  49  4:25  Zergling x2  
  49  4:26  Zergling x2  
  51  4:43  Roach x7  
  65  4:52  Roach x2  
  65  4:55  Baneling  
  65  4:56  Zergling x2  
  65  5:02  Overlord  
  65  5:03  Extractor  
  65  5:06  Overlord  
  64  5:08  Overlord  
  64  5:09  Overlord  
  64  5:12  Zergling x2  
  65  5:17  Queen, Zergling x2  
  65  5:26  Roach x2, Zergling x2  
  71  5:30  Zergling x2  
  71  5:31  Queen  
  70  5:36  Roach  
  70  5:37  Roach, Zergling x4  
  70  5:39  Roach  
  72  5:44  Roach  
  67  6:00  Roach x3, Zergling x2  
  71  6:08  Extractor  
  71  6:09  Roach  
  71  6:10  Queen  
  73  6:16  Roach  
  73  6:17  Hatchery  
  74  6:20  Roach x2  
  78  6:28  Queen  
  78  6:29  Overlord  
  78  6:31  Roach  
  82  6:35  Overlord x2  
  82  6:37  Overlord, Zergling x2  
  83  6:41  Overlord  
  83  6:46  Overlord  
  83  6:51  Ravager  
  83  6:52  Ravager  
  84  6:54  Roach x2, Zergling x2  
  84  6:59  Roach, Zergling x2  
  92  7:03  Zergling x2  
  92  7:04  Zergling x2  
  92  7:06  Zergling x2  
  95  7:09  Zergling x4  
  95  7:15  Ravager x2  
  99  7:21  Roach, Zergling x4  
  102  7:25  Zergling x4  
  102  7:26  Zergling x2  
  103  7:42  Roach x5  
  107  7:47  Zergling x8  
  107  7:50  Zergling x2  
Tags
 
Add a new tag
Caveats
  • Supply blocks, unpowered buildings, or Contaminate may cause inaccurate times.
  • Supply counts are checked every 10 seconds.